PAA
NUEVO MEXICO MARIACHIS @ WESTWOOD SIXSHOOTERS
06/17/2042
 
TOP OF THE 1ST
Nuevo Mexico Mariachis batting - Pitching for Westwood Sixshooters : LHP Joop Els
Pitching: LHP Joop Els
Batting: SHB Lucky Foote 0-0: Called Strike
0-1: Ball
1-1: Ball
2-1: Foul Ball, location: 2F
2-2: Strikes out looking
Batting: RHB Gerald Borges 0-0: Ball
1-0: Ground out 5-3 (Groundball, 56, EV 83.8 MPH)
Batting: RHB Esteban Rojas 0-0: Ball
1-0: Called Strike
1-1: Ground out 6-3 (Groundball, 6, EV 86.2 MPH)
Top of the 1st over - 0 runs, 0 hits, 0 errors, 0 left on base; Nuevo Mexico 0 - Westwood 0
BOTTOM OF THE 1ST
Westwood Sixshooters batting - Pitching for Nuevo Mexico Mariachis : LHP Gerard Fyson
Pitching: LHP Gerard Fyson
Batting: RHB Juan Sierra 0-0: Ball
1-0: Ball
2-0: Called Strike
2-1: Bunted foul
2-2: Ball
3-2: Foul Ball, location: 2F
3-2: SINGLE (Flyball, 34D, EV 93.8 MPH)
Batting: RHB John Siddall 0-0: Ball
1-0: Ball
2-0: Ball
Wild Pitch!
Juan Sierra to second
3-0: Called Strike
3-1: Base on Balls
Batting: LHB Luis Benítez 0-0: Ball
1-0: Called Strike
1-1: Foul Ball, location: 2F
1-2: Ball
2-2: Fly out, F4 (Line Drive, 4, EV 69.4 MPH)
Lined into DP, 4-6 (Line Drive, 4, EV 65.0 MPH)
Batting: RHB Slavik Akentiev 0-0: DOUBLE (Flyball, 89XD, EV 95.0 MPH)
John Siddall to third
Runner from 3rd tries for Home, SAFE, no throw by CF
Batting: LHB Rick Kirkham 0-0: Ball
1-0: Swinging Strike
1-1: Foul Ball, location: 2F
1-2: Ball
2-2: Strikes out swinging
Bottom of the 1st over - 1 run, 2 hits, 0 errors, 1 left on base; Nuevo Mexico 0 - Westwood 1
TOP OF THE 2ND
Nuevo Mexico Mariachis batting - Pitching for Westwood Sixshooters : LHP Joop Els
Batting: RHB Sergio Dávalos 0-0: Ball
1-0: Ball
2-0: Foul Ball, location: 2F
2-1: Ball
3-1: Called Strike
3-2: Foul Ball, location: 2F
3-2: Strikes out looking
Batting: LHB Greg Rogers 0-0: Ball
1-0: Fly out, F8 (Flyball, 8LS, EV 95.0 MPH)
Batting: RHB Pedro Santos 0-0: Called Strike
0-1: Ball
1-1: Ball
2-1: Foul Ball, location: 2F
2-2: Ball
3-2: Foul Ball, location: 2F
3-2: Fly out, F7 (Flyball, 78D, EV 96.9 MPH)
Top of the 2nd over - 0 runs, 0 hits, 0 errors, 0 left on base; Nuevo Mexico 0 - Westwood 1
BOTTOM OF THE 2ND
Westwood Sixshooters batting - Pitching for Nuevo Mexico Mariachis : LHP Gerard Fyson
Batting: RHB Edmond Hallewell 0-0: Foul Ball, location: 2F
0-1: Ground out 4-3 (Groundball, 4, EV 81.2 MPH)
Batting: RHB José Flores 0-0: Called Strike
0-1: Ball
1-1: Ball
2-1: Foul Ball, location: 2F
2-2: Ground out U3 (Groundball, 3L, EV 98.1 MPH)
Batting: RHB Hisashi Koumura 0-0: Ball
1-0: Ball
2-0: Called Strike
2-1: Ball
3-1: SINGLE (Line Drive, 34, EV 105.6 MPH)
Batting: RHB Sterling Massingham 0-0: Called Strike
0-1: Ball
1-1: Ball
2-1: Swinging Strike
2-2: Strikes out swinging
Bottom of the 2nd over - 0 runs, 1 hit, 0 errors, 1 left on base; Nuevo Mexico 0 - Westwood 1
TOP OF THE 3RD
Nuevo Mexico Mariachis batting - Pitching for Westwood Sixshooters : LHP Joop Els
Batting: LHB Albert Porter 0-0: Ball
1-0: Called Strike
1-1: Ball
2-1: Fly out, F8 (Flyball, 8LM, EV 88.1 MPH)
Batting: RHB John Montgomery 0-0: Ball
1-0: Ball
2-0: Ball
3-0: Called Strike
3-1: Base on Balls
Batting: LHB Ryutaro Watanabe 0-0: Called Strike
0-1: Foul Ball, location: 2F
0-2: Ball
1-2: Ball
2-2: Strikes out swinging
Batting: SHB Lucky Foote Pickoff Throw to First - Out! 1-3
Top of the 3rd over - 0 runs, 0 hits, 0 errors, 0 left on base; Nuevo Mexico 0 - Westwood 1
BOTTOM OF THE 3RD
Westwood Sixshooters batting - Pitching for Nuevo Mexico Mariachis : LHP Gerard Fyson
Batting: RHB Juan Sierra 0-0: Called Strike
0-1: Foul Ball, location: 2F
0-2: Fly out, F9 (Flyball, 9, EV 75.0 MPH)
Batting: RHB John Siddall 0-0: Called Strike
0-1: Swinging Strike
0-2: Ball
1-2: Foul Ball, location: 2F
1-2: Foul Ball, location: 2F
1-2: Foul Ball, location: 2F
1-2: Strikes out swinging
Batting: LHB Luis Benítez 0-0: Ball
1-0: Ball
2-0: SINGLE (Flyball, 8RS, EV 96.2 MPH)
Batting: RHB Slavik Akentiev 0-0: Ball
1-0: Fly out, F6 (Line Drive, 6, EV 68.8 MPH)
Bottom of the 3rd over - 0 runs, 1 hit, 0 errors, 1 left on base; Nuevo Mexico 0 - Westwood 1
TOP OF THE 4TH
Nuevo Mexico Mariachis batting - Pitching for Westwood Sixshooters : LHP Joop Els
Batting: SHB Lucky Foote 0-0: Called Strike
0-1: Foul Ball, location: 2F
0-2: Ball
1-2: Ball
2-2: Strikes out looking
Batting: RHB Gerald Borges 0-0: Called Strike
0-1: Foul Ball, location: 2F
0-2: Ball
1-2: Ball
2-2: Ground out 4-3 (Groundball, 4, EV 83.8 MPH)
Batting: RHB Esteban Rojas 0-0: Called Strike
0-1: Ball
1-1: Ball
2-1: Fly out, F8 (Flyball, 8LM, EV 88.8 MPH)
Top of the 4th over - 0 runs, 0 hits, 0 errors, 0 left on base; Nuevo Mexico 0 - Westwood 1
BOTTOM OF THE 4TH
Westwood Sixshooters batting - Pitching for Nuevo Mexico Mariachis : LHP Gerard Fyson
Batting: LHB Rick Kirkham 0-0: Foul Ball, location: 2F
0-1: Ball
1-1: Foul Ball, location: 2F
1-2: Ground out 4-3 (Groundball, 4M, EV 101.9 MPH)
Batting: RHB Edmond Hallewell 0-0: Foul Ball, location: 2F
0-1: Ground out 5-3 (Groundball, 56S, EV 85.0 MPH)
Batting: RHB José Flores 0-0: Foul Ball, location: 2F
0-1: Ball
1-1: Foul Ball, location: 2F
1-2: SINGLE (Groundball, 56D, EV 103.1 MPH)
Batting: RHB Hisashi Koumura 0-0: Ball
1-0: Ball
2-0: Fly out, F4 (Popup, 34D, EV 65.6 MPH)
Bottom of the 4th over - 0 runs, 1 hit, 0 errors, 1 left on base; Nuevo Mexico 0 - Westwood 1
TOP OF THE 5TH
Nuevo Mexico Mariachis batting - Pitching for Westwood Sixshooters : LHP Joop Els
Batting: RHB Sergio Dávalos 0-0: Foul Ball, location: 2F
0-1: Swinging Strike
0-2: SINGLE (Groundball, 6MD, EV 105.0 MPH)
Batting: LHB Greg Rogers 0-0: Ball
1-0: Fly out, F8 (Flyball, 8LXD, EV 102.5 MPH)
Batting: RHB Pedro Santos 0-0: Called Strike
0-1: Ball
1-1: Ball
2-1: Fly out, F7 (Flyball, 78M, EV 86.9 MPH)
Batting: LHB Albert Porter 0-0: Called Strike
0-1: Called Strike
0-2: Ball
1-2: Foul Ball, location: 2F
1-2: Strikes out looking
Top of the 5th over - 0 runs, 1 hit, 0 errors, 1 left on base; Nuevo Mexico 0 - Westwood 1
BOTTOM OF THE 5TH
Westwood Sixshooters batting - Pitching for Nuevo Mexico Mariachis : LHP Gerard Fyson
Batting: RHB Sterling Massingham 0-0: Swinging Strike
0-1: Fly out, F4 (Popup, 4, EV 66.2 MPH)
Batting: RHB Juan Sierra 0-0: Ball
1-0: Ball
2-0: Ball
3-0: Called Strike
3-1: Swinging Strike
3-2: Foul Ball, location: 2F
3-2: Foul Ball, location: 2F
3-2: Fly out, F3 (Popup, 3SF, EV 79.4 MPH)
Batting: RHB John Siddall 0-0: Swinging Strike
0-1: SINGLE (Line Drive, 78S, EV 96.2 MPH)
Batting: LHB Luis Benítez 0-0: Ball
1-0: Fly out, F7 (Line Drive, 7D, EV 98.1 MPH)
Bottom of the 5th over - 0 runs, 1 hit, 0 errors, 1 left on base; Nuevo Mexico 0 - Westwood 1
TOP OF THE 6TH
Nuevo Mexico Mariachis batting - Pitching for Westwood Sixshooters : LHP Joop Els
Batting: RHB John Montgomery 0-0: Foul Ball, location: 2F
0-1: Ball
1-1: Called Strike
1-2: Ball
2-2: Ball
3-2: Strikes out swinging
Batting: LHB Ryutaro Watanabe 0-0: Ball
1-0: Swinging Strike
1-1: Foul Ball, location: 2F
1-2: Strikes out looking
Batting: SHB Lucky Foote 0-0: Ball
1-0: Ground out 1-3 (Groundball, 13S, EV 67.5 MPH)
Top of the 6th over - 0 runs, 0 hits, 0 errors, 0 left on base; Nuevo Mexico 0 - Westwood 1
BOTTOM OF THE 6TH
Westwood Sixshooters batting - Pitching for Nuevo Mexico Mariachis : LHP Gerard Fyson
Batting: RHB Slavik Akentiev 0-0: Called Strike
0-1: Ball
1-1: Foul Ball, location: 2F
1-2: Foul Ball, location: 2F
1-2: Strikes out swinging
Batting: LHB Rick Kirkham 0-0: Ground out 4-3 (Groundball, 4, EV 103.1 MPH)
Batting: RHB Edmond Hallewell 0-0: Ball
1-0: Ball
2-0: Called Strike
2-1: Ball
3-1: Called Strike
3-2: Foul Ball, location: 2F
3-2: Strikes out swinging
Bottom of the 6th over - 0 runs, 0 hits, 0 errors, 0 left on base; Nuevo Mexico 0 - Westwood 1
TOP OF THE 7TH
Nuevo Mexico Mariachis batting - Pitching for Westwood Sixshooters : LHP Joop Els
Batting: RHB Gerald Borges 0-0: Ball
1-0: Ground out 4-3 (Groundball, 4, EV 83.8 MPH)
Batting: RHB Esteban Rojas 0-0: Called Strike
0-1: Ball
1-1: Ground out 6-3 (Groundball, 56, EV 80.6 MPH)
Batting: RHB Sergio Dávalos 0-0: Called Strike
0-1: Foul Ball, location: 2F
0-2: Strikes out swinging
Top of the 7th over - 0 runs, 0 hits, 0 errors, 0 left on base; Nuevo Mexico 0 - Westwood 1
BOTTOM OF THE 7TH
Westwood Sixshooters batting - Pitching for Nuevo Mexico Mariachis : LHP Gerard Fyson
Batting: RHB José Flores 0-0: Ball
1-0: Ball
2-0: Ball
3-0: Called Strike
3-1: Fly out, F8 (Flyball, 8LD, EV 76.2 MPH)
Pitching: RHP Garrett Austin
Batting: RHB Hisashi Koumura 0-0: Ball
1-0: Called Strike
1-1: Ball
2-1: TRIPLE (Flyball, 89XD, EV 98.1 MPH)
Batting: RHB Sterling Massingham 0-0: Ball
1-0: Ball
2-0: Called Strike
2-1: Called Strike
2-2: Strikes out looking
Batting: RHB Juan Sierra 0-0: Ball
1-0: Ball
2-0: Swinging Strike
2-1: Foul Ball, location: 2F
2-2: Ball
3-2: Foul Ball, location: 2F
3-2: Foul Ball, location: 2F
3-2: SINGLE (Flyball, 78S, EV 93.8 MPH)
Hisashi Koumura scores
Batting: RHB John Siddall 0-0: Foul Ball, location: 2F
0-1: Ball
1-1: Foul Ball, location: 2F
1-2: Strikes out looking
Bottom of the 7th over - 1 run, 2 hits, 0 errors, 1 left on base; Nuevo Mexico 0 - Westwood 2
TOP OF THE 8TH
Nuevo Mexico Mariachis batting - Pitching for Westwood Sixshooters : LHP Joop Els
Batting: LHB Greg Rogers 0-0: Foul Ball, location: 2F
0-1: Called Strike
0-2: Foul Ball, location: 2F
0-2: Foul Ball, location: 2F
0-2: Ball
1-2: Ball
2-2: Foul Ball, location: 2F
2-2: Foul Ball, location: 2F
2-2: Ball
3-2: Fly out, F7 (Flyball, 7S, EV 85.6 MPH)
Batting: RHB Pedro Santos 0-0: Ball
1-0: Foul Ball, location: 2F
1-1: Ball
2-1: Fly out, F4 (Flyball, 34D, EV 73.8 MPH)
Batting: LHB Albert Porter 0-0: Ball
1-0: Ball
2-0: Called Strike
2-1: Swinging Strike
2-2: Ball
3-2: Strikes out swinging
Top of the 8th over - 0 runs, 0 hits, 0 errors, 0 left on base; Nuevo Mexico 0 - Westwood 2
BOTTOM OF THE 8TH
Westwood Sixshooters batting - Pitching for Nuevo Mexico Mariachis : RHP Garrett Austin
Batting: LHB Luis Benítez 0-0: Swinging Strike
0-1: Fly out, F9 (Flyball, 89S, EV 88.1 MPH)
Batting: RHB Slavik Akentiev 0-0: Swinging Strike
0-1: Ball
1-1: Foul Ball, location: 2F
1-2: Foul Ball, location: 2F
1-2: SINGLE (Line Drive, 6MD, EV 101.2 MPH)
Batting: LHB Rick Kirkham 0-0: Ball
1-0: Called Strike
1-1: Foul Ball, location: 2F
1-2: Foul Ball, location: 2F
1-2: Grounds into double play, 4-6-3 (Groundball, 4M, EV 106.9 MPH)
Bottom of the 8th over - 0 runs, 1 hit, 0 errors, 0 left on base; Nuevo Mexico 0 - Westwood 2
TOP OF THE 9TH
Nuevo Mexico Mariachis batting - Pitching for Westwood Sixshooters : LHP Joop Els
Pitching: RHP Manny Rodríguez
Batting: RHB John Montgomery 0-0: Called Strike
0-1: Foul Ball, location: 2F
0-2: Ground out U3 (Groundball, 3S, EV 92.5 MPH)
Batting: LHB Ryutaro Watanabe 0-0: Called Strike
0-1: Called Strike
0-2: Ball
1-2: Strikes out swinging
Batting: SHB Lucky Foote 0-0: SINGLE (Line Drive, 89M, EV 100.6 MPH)
Batting: RHB Gerald Borges 0-0: Ball
1-0: Ball
2-0: SINGLE (Line Drive, 89S, EV 94.4 MPH)
Lucky Foote to second
Pinch Hitting: LHB Gustavo Zamora 0-0: Ball
1-0: Called Strike
1-1: Ball
2-1: Ground out 1-3 (Groundball, 13, EV 91.2 MPH)
Top of the 9th over - 0 runs, 2 hits, 0 errors, 2 left on base; Nuevo Mexico 0 - Westwood 2
Friday, March 26th, 2021 - OOTP Baseball 20.8 Build 74